 Dungeon Crawl Stone Soup version 0.19.0-24-gb05acd6 (webtiles) character file.

7507 Ladykiller69 the Cleaver (level 11, -2/81 HPs)
             Began as a Formicid Fighter on Nov 22, 2016.
             Was a Believer of Cheibriados.
             Slain by a brown ugly thing (3 damage)
             ... on level 15 of the Dungeon.
             The game lasted 00:21:25 (7909 turns).

Ladykiller69 the Cleaver (Formicid Fighter)         Turns: 7909, Time: 00:21:26

Health: -2/81      AC: 17    Str: 24    XL:     11   Next: 38%
Magic:  13/13      EV:  8    Int: 17    God:    Cheibriados [**....]
Gold:   649        SH: 12    Dex: 16    Spells: 0 memorised, 10 levels left

rFire  . . .     SeeInvis +     a - +0 war axe
rCold  . . .     Gourm    .     q - +0 plate armour
rNeg   . . .     Faith    .     c - +0 shield
rPois  .         Spirit   .     (helmet unavailable)
rElec  .         Reflect  .     Q - +2 cloak
rCorr  .         Harm     .     (no gloves)
MR     +....                    s - +1 pair of boots
Stlth  ..........               (no amulet)
                                u - ring of teleportation (curse)
                                V - -3 ring of strength (curse)

@: drained, very slow
A: permanent stasis, dig shafts and tunnels, four strong arms, antennae 3
a: Dig, Shaft Self, Bend Time, Renounce Religion


You were on level 15 of the Dungeon.
You worshipped Cheibriados.
Cheibriados was pleased with you.
You were very hungry.

You visited 2 branches of the dungeon, and saw 14 of its levels.

You collected 649 gold pieces.

Inventory:

Hand Weapons
 a - a +0 war axe (weapon)
Missiles
 o - 21 tomahawks (quivered)
 w - 7 javelins
 y - 8 tomahawks of returning
 R - 2 exploding tomahawks
Armour
 c - a +0 shield (worn)
 q - a +0 plate armour (worn)
 s - a +1 pair of boots (worn)
 L - a +0 troll leather armour
 Q - a +2 cloak (worn)
Magical Staves
 i - an uncursed staff of fire
Jewellery
 k - an uncursed ring of magical power
 u - a cursed ring of teleportation (right hand)
 x - an uncursed ring of poison resistance
 V - a cursed -3 ring of strength (left hand)
 W - an uncursed ring of positive energy {unknown}
 Z - an uncursed ring of positive energy {unknown}
Wands
 b - a wand of lightning (7/15)
 m - a wand of iceblast (8/15)
 C - a wand of enslavement (6/24)
 K - a wand of iceblast (6/15)
 T - a wand of polymorph (13/24)
 U - a wand of paralysis (14/24)
 X - a wand of teleportation (2/9)
 Y - a wand of flame (18/48)
Scrolls
 e - a scroll of magic mapping
 j - a scroll of identify
 n - a scroll of immolation {unknown}
 t - a scroll of random uselessness {unknown}
 A - 3 scrolls of enchant weapon {unknown}
 B - 3 scrolls of fog {unknown}
 D - 2 scrolls of teleportation {unknown}
 F - 2 scrolls of recharging {unknown}
 J - 2 scrolls of enchant armour {unknown}
 M - 2 scrolls of remove curse {unknown}
Potions
 d - a potion of might
 l - 4 potions of lignification
 r - 4 potions of agility
 z - a potion of mutation {unknown}
 G - 2 potions of magic {unknown}
 H - 4 potions of curing {unknown}
 N - a potion of ambrosia {unknown}
 P - a potion of resistance {unknown}
Books
 v - a book of Necromancy

   Spells                             Type                      Level
   a - Pain                           Necromancy                   1
   b - Animate Skeleton               Necromancy                   1
   c - Vampiric Draining              Necromancy                   3
   d - Regeneration                   Charms/Necromancy            3
   e - Animate Dead                   Necromancy                   4
   f - Control Undead                 Necromancy                   4
 I - a book of Cantrips

   Spells                             Type                      Level
   a - Confusing Touch                Hexes                        1
   b - Animate Skeleton               Necromancy                   1
   c - Summon Small Mammal            Summoning                    1
   d - Apportation                    Translocation                1
Comestibles
 f - 10 bread rations
 g - 6 meat rations
 p - 6 fruits
 E - 8 slices of pizza
 O - a royal jelly
 S - 4 beef jerkies


   Skills:
 + Level 6.0(5.2) Fighting
 * Level 12.5(11.6) Axes
 + Level 5.2(4.5) Armour
 * Level 3.2(2.5) Dodging
 - Level 10.1(9.2) Shields
 * Level 3.9(3.2) Invocations


You had 10 spell levels left.
You didn't know any spells.

Dungeon Overview and Level Annotations

Branches:
Dungeon (15/15)            Temple (1/1) D:7            Lair (0/6) D:9
 Depths (0/5) D:15
    Orc: D:9-12      Vaults: D:13-14

Altars:
Ashenzari
Cheibriados
Fedhas
Gozag
Hepliaklqana
Okawaru
Qazlal
Trog
Xom
The Shining One

Shops:
D:4 [   D:15 }%

Annotations:
D:13 equalderp2856's ghost, journeyman FeFi
D:15 Josephine


Innate Abilities, Weirdness & Mutations

You are under a permanent stasis effect.
You can dig through walls and to a lower floor.
Your four strong arms can wield two-handed weapons with a shield.
You have a pair of large antennae on your head. (SInv)


Message History

Unknown command.
Okay, then.
Your plate armour prevents you from hitting Josephine.
Josephine is lightly wounded.
You barely miss the brown ugly thing. You barely miss the purple ugly thing.
You closely miss the ice beast.
You block the brown ugly thing's attack.
Josephine hits you with a dagger of draining.
* * * LOW HITPOINT WARNING * * *
You feel drained.
* * * LOW HITPOINT WARNING * * *
The ice beast closely misses you.
Okay, then.
You slash Josephine!
Josephine is moderately wounded.
You slash the brown ugly thing! You slash the purple ugly thing!
You hit the ice beast but do no damage.
The purple ugly thing stings you but does no damage.
The brown ugly thing stings you.
You die...

*,,,,,,* #...# *.**** ,,,,,*,****
#...# #######.#### ,,,,,,,,,,*
#...# #..,..,....#
*,,*,*,,*.####...#####.##.#*#.#.#
*,,*,*,,,............#'##.# #.#.#
*,,*,,,,,?......WWu..'∩'..###....
*,,*,**,,.....W.uu{.u#'#.......#*
*,,,,,,,*.####Huu#####{..##.#..#*
**,*,,,,,,* #W@@# ##..#.u#..#*
,***,****** #.Y.# #..#u##..#
,,**,* **#...#** #..#u##<.#
*,,*,* *......,* #........#
*,,*,* #.#...#,* ####.....#
+,,*,* #.##...,******#####.#*
*,,*** #,*....,,,,,,,,* *... *,,*
*,,....,,*****,* *### ,,**
*,,,,,,,,,,,**,*


You could see Josephine, 5 ugly things, a manticore, 4 wraiths and an ice beast.

Vanquished Creatures
  The ghost of CrazyArbalest the Slasher, a novice HuWr of Okawaru (D:5)
  A troll (D:9)
  2 hornets
  Grinder (D:6)
  5 hippogriffs
  Sigmund (D:2)
  4 hogs (D:7)
  Grum (D:9)
  A yak (D:10)
  A human (D:7)
  Edmund (D:6)
  2 orc warriors
  2 ogres
  3 sky beasts
  An eye of draining (D:15)
  4 wolves (D:9)
  A phantom (D:6)
  10 centaurs
  2 bullfrogs (D:7)
  Blork the orc (D:6)
  A wyvern skeleton (D:10)
  2 scorpions (D:5)
  A howler monkey (D:4)
  10 crimson imps
  3 bullfrog zombies
  6 hounds
  4 orc priests
  2 centaur zombies
  A jelly (D:9)
  6 iguanas
  Crazy Yiuf (D:6)
  Natasha (thrice) (D:4)
  3 orc wizards
  6 worker ants
  2 hound skeletons
  3 gnolls (D:9)
  9 adders
  3 oozes
  2 adder zombies (D:5)
  An adder skeleton (D:8)
  3 worms
  3 dart slugs
  3 leopard geckos
  29 orcs
  4 giant cockroaches
  4 goblins
  9 hobgoblins
  16 jackals
  3 quokkas
  A ball python (D:1)
  5 bats
  6 frilled lizards
  A giant cockroach zombie (D:5)
  7 kobolds
  A leopard gecko skeleton (D:4)
  A quokka skeleton (D:5)
  9 rats
219 creatures vanquished.

Notes
Turn   | Place    | Note
-------+----------+-------------------------------------------
     0 | D:1      | Ladykiller69 the Formicid Fighter began the quest for the Orb.
     0 | D:1      | Reached XP level 1. HP: 18/18 MP: 1/1
    77 | D:1      | Reached XP level 2. HP: 14/24 MP: 2/2
   581 | D:1      | Reached XP level 3. HP: 28/29 MP: 3/3
   722 | D:2      | Reached skill level 3 in Axes
  1113 | D:2      | Reached XP level 4. HP: 13/37 MP: 4/4
  1444 | D:2      | Noticed Sigmund
  1467 | D:2      | Killed Sigmund
  1467 | D:2      | Reached skill level 4 in Axes
  1467 | D:2      | Reached XP level 5. HP: 21/42 MP: 5/5
  1467 | D:2      | Reached XP level 6. HP: 24/48 MP: 6/6
  1769 | D:3      | Found a faded altar of an unknown god.
  2273 | D:4      | Reached skill level 5 in Shields
  2342 | D:4      | Reached skill level 5 in Axes
  2436 | D:4      | Reached XP level 7. HP: 49/54 MP: 7/7
  2503 | D:4      | Found Amamele's Antique Armour Emporium.
  2570 | D:4      | Noticed Natasha
  2578 | D:4      | Killed Natasha
  2668 | D:4      | Noticed Natasha
  2677 | D:4      | Killed Natasha
  2774 | D:4      | Noticed Natasha
  2782 | D:4      | Killed Natasha
  2901 | D:5      | Entered Level 5 of the Dungeon
  2917 | D:5      | Reached skill level 6 in Axes
  3171 | D:5      | Reached XP level 8. HP: 34/60 MP: 8/8
  3502 | D:5      | Reached skill level 7 in Axes
  3558 | D:5      | Noticed CrazyArbalest's ghost (novice HuWr)
  3631 | D:5      | Killed CrazyArbalest's ghost
  3631 | D:5      | Reached skill level 8 in Axes
  3631 | D:5      | Reached XP level 9. HP: 57/65 MP: 9/9
  4030 | D:6      | Noticed Blork the orc
  4038 | D:6      | Killed Blork the orc
  4038 | D:6      | Reached skill level 9 in Axes
  4271 | D:6      | Found a bloodstained altar of Trog.
  4316 | D:6      | Noticed Grinder
  4336 | D:6      | Killed Grinder
  4448 | D:6      | Reached skill level 10 in Axes
  4708 | D:6      | Found a runed door.
  4792 | D:6      | Noticed Edmund
  4811 | D:6      | Killed Edmund
  4900 | D:6      | Noticed Crazy Yiuf
  4904 | D:6      | Killed Crazy Yiuf
  5025 | D:7      | Noticed a hippogriff
  5038 | D:7      | Killed a hippogriff
  5038 | D:7      | Reached XP level 10. HP: 56/72 MP: 10/10
  5195 | D:7      | Found a staircase to the Ecumenical Temple.
  5216 | Temple   | Entered the Ecumenical Temple
  5230 | Temple   | Became a worshipper of Cheibriados the Contemplative
  5396 | D:7      | Reached skill level 11 in Axes
  5446 | D:7      | Reached skill level 10 in Shields
  5574 | D:7      | Reached * piety under Cheibriados
  5862 | D:7      | Reached skill level 1 in Dodging
  5953 | D:7      | Reached skill level 1 in Invocations
  6657 | D:9      | Reached skill level 5 in Fighting
  6662 | D:9      | Reached skill level 12 in Axes
  6691 | D:9      | Noticed Grum
  6715 | D:9      | Killed Grum
  6715 | D:9      | Reached ** piety under Cheibriados
  6715 | D:9      | Reached XP level 11. HP: 80/80 MP: 12/12
  7252 | D:9      | Found a staircase to the Lair.
  7561 | D:9      | Reached skill level 5 in Armour
  7595 | D:10     | Entered Level 10 of the Dungeon
  7692 | D:10     | You fall through a shaft for 3 floors!
  7692 | D:13     | Noticed equalderp2856's ghost (journeyman FeFi)
  7695 | D:13     | You fall through a shaft for 2 floors!
  7695 | D:15     | Entered Level 15 of the Dungeon
  7695 | D:15     | Found Binnemab's Gadget Emporium.
  7697 | D:15     | Reached *** piety under Cheibriados
  7700 | D:15     | HP: 4/81 [centaur warrior zombie (5)]
  7870 | D:15     | Noticed a red ugly thing
  7870 | D:15     | Noticed a red ugly thing
  7870 | D:15     | Noticed a red ugly thing
  7870 | D:15     | Noticed a red ugly thing
  7870 | D:15     | Noticed a red ugly thing
  7871 | D:15     | Noticed a red ugly thing
  7891 | D:15     | Found Xag Doug's Food Emporium.
  7902 | D:15     | Noticed Josephine
  7904 | D:15     | Noticed a manticore
  7908 | D:15     | HP: 2/81 [Josephine/dagger of draining (4)]
  7909 | D:15     | Slain by a brown ugly thing

Skill      XL: |  1  2  3  4  5  6  7  8  9 10 11 |
---------------+----------------------------------+-----
Axes           | 3 4 5 6 8 10 12 | 12.5
Shields        | 4 5 6 7 9 10 | 10.1
Fighting       | 4 5 6 |  6.0
Armour         | 4 5 |  5.2
Dodging        | 2 3 |  3.2
Invocations    | 2 3 |  3.9

Action                   |  1- 3 |  4- 6 |  7- 9 | 10-12 || total
-------------------------+-------+-------+-------+-------++-------
Melee: War axe           |    98 |   167 |   422 |   449 ||  1136
Invok: Temporal Distorti |       |       |       |     1 ||     1
 Abil: Dig               |       |     3 |     7 |     6 ||    16
       Shaft Self        |       |       |       |     2 ||     2
  Use: Scroll            |       |       |       |     7 ||     7
       Potion            |       |       |       |     1 ||     1
  Eat: Chunk             |       |     6 |    10 |     6 ||    22
Armor: Scale mail        |    34 |     1 |       |       ||    35
       Plate armour      |       |    94 |   178 |   174 ||   446
       Troll leather arm |       |       |       |    15 ||    15
Dodge: Dodged            |    28 |    32 |    53 |   129 ||   242
Block: Shield            |    46 |   100 |   196 |   283 ||   625
